 Dungeon Crawl Stone Soup version 0.24-a0-779-g36f0aeb843 (webtiles) character file.

Game seed: 8506116677022452402, levelgen mode: deterministic

70 Amen the Skirmisher (level 4, -2/29 HPs)
             Began as a Gargoyle Fighter on Oct 8, 2019.
             Killed from afar by a white imp (11 damage)
             ... with a puff of frost
             ... summoned by Natasha
             ... on level 2 of the Dungeon.
             The game lasted 00:02:00 (953 turns).

Amen the Skirmisher (Gargoyle Fighter)               Turns: 953, Time: 00:02:00

Health: -2/29      AC: 11    Str: 21    XL:     4   Next: 21%
Magic:  4/4        EV:  7    Int:  8    God:
Gold:   86         SH:  9    Dex:  9    Spells: 3/3 levels left

rFire    . . .     SeeInvis .   a - +0 flail
rCold    . . .     Gourm    .   c - +0 shield
rNeg     + . .     Faith    .   b - +0 scale mail
rPois    ∞         Spirit   .   (no helmet)
rElec    +         Reflect  .   (no cloak)
rCorr    .         Harm     .   l - +0 pair of gloves
MR       .....                  (no boots)
Stlth    ..........             h - amulet of rage
HPRegen  0.09/turn              (no ring)
MPRegen  0.09/turn              (no ring)

@: no status effects
A: negative energy resistance 1, electricity resistance, unbreathing,
petrification resistance, rot immunity, AC +3
a: Evoke Berserk Rage


You were on level 2 of the Dungeon.
You were hungry.

You visited 1 branch of the dungeon, and saw 2 of its levels.

You collected 86 gold pieces.

Inventory:

Hand Weapons
 a - a +0 flail (weapon)
 e - a +2 hunting sling of freezing
Armour
 b - a +0 scale mail (worn)
 c - a +0 shield (worn)
 l - a +0 pair of gloves (worn)
Jewellery
 h - an amulet of rage (around neck)
Scrolls
 g - 2 scrolls of enchant armour {unknown}
 i - 3 scrolls of identify {unknown}
 j - a scroll of immolation {unknown}
 k - a scroll of random uselessness {unknown}
 m - a scroll of remove curse {unknown}
 n - a scroll of fear {unknown}
Potions
 d - a potion of might
Comestibles
 f - 2 rations


   Skills:
 + Level 4.1 Fighting
 * Level 3.5 Maces & Flails
 - Level 3.4 Armour
 - Level 3.4 Shields


You had 3 spell levels left.
You didn't know any spells.
Your spell library was empty.

Dungeon Overview and Level Annotations

Branches:
Dungeon (2/15)

Altars:

Annotations:
D:2 Natasha


Innate Abilities, Weirdness & Mutations

You are resistant to torment.
Your stone body is resilient. (AC +3)
You are immune to poison.
You resist negative energy. (rN+)
You are resistant to electric shocks. (rElec)
You can survive without breathing.
You are immune to petrification.
You are immune to rotting.


Message History

Natasha claws you.
You are too injured to fight recklessly!
You are too injured to fight recklessly!
You are too injured to fight recklessly!
You closely miss Natasha.
Natasha is almost dead.
The adder barely misses you. You block the adder's attack.
The white imp gestures at you.
The puff of frost hits you but does no damage.
The rat bites you but does no damage. You block the adder's attack.
Natasha claws you but does no damage.
The white imp hits you but does no damage.
The adder bites you.
You closely miss Natasha.
Natasha is almost dead.
The rat barely misses you.
The adder bites you but does no damage. x2
You block Natasha's attack. The white imp gestures at you.
The puff of frost hits you!
You die...

#.........##............
#.........###...........
#.........# #.##.......
........######..........
###.....#...............
###.....#..........#....
#.............. ...#....
#.............. #....
#.....S@r...### ...
#.....Sh5...# ..
#......5..##... #
#..............
#..............
#######....[...
#........ #...##...


You could see Natasha, a crimson imp, 2 adders, a white imp and a rat.

Vanquished Creatures
  2 adders (D:2)
  2 leopard geckos
  3 giant cockroaches (D:1)
  5 hobgoblins
  6 kobolds
  2 quokkas (D:2)
  8 bats
  A frilled lizard (D:2)
  9 goblins
  9 rats
47 creatures vanquished.

Notes
Turn   | Place    | Note
-------+----------+-------------------------------------------
     0 | D:1      | Amen the Gargoyle Fighter began the quest for the Orb.
     0 | D:1      | Reached XP level 1. HP: 14/14 MP: 1/1
    97 | D:1      | Reached XP level 2. HP: 16/19 MP: 2/2
   486 | D:1      | Reached XP level 3. HP: 24/24 MP: 3/3
   874 | D:2      | Reached skill level 4 in Fighting
   876 | D:2      | Reached XP level 4. HP: 21/29 MP: 4/4
   942 | D:2      | Noticed Natasha
   953 | D:2      | Killed from afar by a white imp

Levels and vault maps discovered:
D:1:      eino_arrival_tree_alley, layout_basic
D:2:      layout_basic, chequers_temple_overflow_statue_of_worship, st_stairs_3,
          uniq_natasha

Skill      XL: |  1  2  3 |
---------------+----------+-----
Maces & Flails | 3 |  3.5
Fighting       | 4 |  4.1
Armour         | |  3.4
Shields        | |  3.4

Action                   |  1- 3 |  4- 6 || total
-------------------------+-------+-------++-------
Melee: Flail             |   150 |    18 ||   168
Armor: Scale mail        |   130 |    18 ||   148
Dodge: Dodged            |    59 |    12 ||    71
Block: Shield            |    89 |    15 ||   104

Table legend:
 A = Non-vault XP
 B = Vault XP
 C = Vault XP percentage of total XP
 D = Non-vault monster count
 E = Vault monster count
 F = Vault count percentage of total count
                 A         B        C        D         E       F
            +---------+---------+-------+---------+---------+-------
      Total |     100 |       0 |   0.0 |      47 |       0 |   0.0
            +---------+---------+-------+---------+---------+-------
        D:1 |      54 |       0 |   0.0 |      34 |       0 |   0.0
        D:2 |      46 |       0 |   0.0 |      13 |       0 |   0.0
            +---------+---------+-------+---------+---------+-------
